 Dungeon Crawl Stone Soup version 0.30.0-7-g0c4daa9e05 (webtiles) character file.

Game seed: 15285724351205485324

1530 Jarnaxa the Fighter (level 8, -1/69 HPs)
             Began as a Demonspawn Monk on May 13, 2023.
             Was a Believer of Makhleb.
             Succumbed to a hornet's poison
             ... on level 6 of the Dungeon.
             The game lasted 00:08:56 (4348 turns).

Jarnaxa the Fighter (Demonspawn Monk)               Turns: 4348, Time: 00:08:56

Health: -1/69      AC: 10    Str: 18    XL:     8   Next: 55%
Magic:  8/8        EV: 14    Int: 12    God:    Makhleb [**....]
Gold:   219        SH:  0    Dex: 19    Spells: 7/7 levels left

rFire   . . .        a - +1 falchion (heavy)
rCold   . . .        d - orb {light}
rNeg    + . .        e - +0 scale mail
rPois   .            (no helmet)
rElec   .            j - +0 cloak
rCorr   .            h - +0 pair of gloves
SInv    .            (no boots)
Will    .....        w - amulet of the acrobat
Stlth   +            f - ring of positive energy
HPRegen 0.31/turn    y - +6 ring of strength
MPRegen 0.11/turn

%: acrobat
@: lethally poisoned (-1 -> -17), slowed, glowing, very slow
A: spiny 1, demonic magic 1, weakness stinger 1, agile 1
a: Renounce Religion, Minor Destruction


You were on level 6 of the Dungeon.
You worshipped Makhleb.
Makhleb was pleased with you.
You visited 2 branches of the dungeon, and saw 7 of its levels.

You collected 219 gold pieces.

Inventory:

Hand Weapons
 a - a +1 heavy falchion (weapon)
Armour
 d - an orb of light (worn)
 e - a +0 scale mail (worn)
 h - a +0 pair of gloves (worn)
 j - a +0 cloak (worn)
Jewellery
 f - a ring of positive energy (left hand)
 g - an amulet of faith
 w - an amulet of the acrobat (around neck)
 y - a +6 ring of strength (right hand)
Wands
 i - a wand of polymorph (10)
 v - a wand of quicksilver (13)
Scrolls
 p - 5 scrolls of teleportation
 s - a scroll of fear
 t - a scroll of identify
Potions
 c - 3 potions of ambrosia
 k - 2 potions of might
 l - a potion of flight
 m - 2 potions of lignification
 n - a potion of brilliance
 o - a potion of heal wounds
 r - 2 potions of haste
 u - a potion of attraction
 z - a potion of cancellation


   Skills:
 + Level 8.5 Fighting
 + Level 7.7 Long Blades
 + Level 6.3 Armour
 + Level 7.2 Dodging
 + Level 5.1 Stealth


You had 7 spell levels left.
You didn't know any spells.
Your spell library contained the following spells:

 Spells                   Type           Power      Damage    Failure   Level
 Inner Flame              Hex/Fire       0%         N/A       95%         3
 Flame Wave               Conj/Fire      0%         2d4       100%        4
 Leda's Liquefaction      Hex/Erth       0%         N/A       100%        4
 Sticky Flame             Conj/Fire      0%         2d3       100%        4
 Alistair's Intoxication  Tmut/Pois      0%         N/A       100%        5
 Borgnjor's Vile Clutch   Necr/Erth      0%         N/A       100%        5
 Lee's Rapid Deconstruct  Erth           0%         3d4*      100%        5
 Eringya's Noxious Bog    Tmut/Pois      0%         N/A       100%        6
 Statue Form              Tmut/Erth      0%         N/A       100%        6


Dungeon Overview and Level Annotations

Branches:
Dungeon (6/15)             Temple (1/1) D:4

Altars:
Dithmenos
Fedhas
Hepliaklqana
Makhleb
Nemelex Xobeh
Ru
Trog
Uskayaw
Wu Jian
Xom

Annotations:
D:3 1 runed translucent door, AarnesTheHuman's ghost, weakling HOFi
D:6 2 runed translucent doors


Innate Abilities, Weirdness & Mutations

You are partially covered in sharp spines.
Spells you cast may paralyse adjacent enemies.
You have a small tail.
You are agile. (Dex +4, Str/Int -1)


Message History

The orc warrior is severely wounded.
The ufetubus is struck by your spines.
You kill the ufetubus!
Makhleb accepts your kill. The orc warrior misses you.
You slice the orc warrior!!
You kill the orc warrior!
Makhleb accepts your kill.
You feel better.
A hornet comes into view.
You slash the hornet!
The hornet is moderately wounded.
The hornet barely misses you. The hornet is struck by your spines.
The hornet stings you but does no damage.
You hit the hornet.
The hornet is moderately wounded.
The hornet stings you.
You are poisoned.
You feel yourself slow down. The hornet is struck by your spines.
The hornet barely misses you.
You hit the hornet.
The hornet is heavily wounded.
You feel yourself speed up.
You feel very sick. The hornet is struck by your spines.
The hornet closely misses you. The hornet is struck by your spines.
The hornet stings you.
You suddenly lose the ability to move!
The hornet stings you but does no damage.
You can move again.
You hit the hornet but do no damage.
The hornet is severely wounded.
You feel sick. The hornet is struck by your spines. The hornet stings you!
* * * LOW HITPOINT WARNING * * *
You are lethally poisoned!
You feel yourself slow down. The hornet stings you!
* * * LOW HITPOINT WARNING * * *
You feel as though you will be slow longer.
You slash the hornet!
The hornet is almost dead.
You die...

# ## .# ##y#
..# #@# ...#
#'###....#
######........#
#8:[8##.#######
8....8#.#
....hO+.#
....Ks+.#
8....8#.#
#8=:8##.#


You could see a hornet.

Vanquished Creatures
  A steam dragon (D:5)
  Menkaure (D:5)
  An orc warrior (D:6)
  A black bear (D:5)
  A scorpion (D:5)
  A howler monkey (D:5)
  5 hounds (D:5)
  A jelly (D:4)
  4 orc priests
  An iguana (D:4)
  3 orc wizards
  3 gnolls (D:5)
  10 adders
  3 ufetubi
  A worm (D:2)
  2 dart slugs
  17 orcs
  12 endoplasms
  3 giant cockroaches
  11 goblins
  12 hobgoblins
  7 jackals
  4 quokkas
  7 ball pythons
  6 bats
  3 frilled lizards
  7 kobolds
  6 rats
  A butterfly (D:4)
135 creatures vanquished.

Notes
Turn   | Place    | Note
-------+----------+-------------------------------------------
     0 | D:1      | Jarnaxa the Demonspawn Monk began the quest for the Orb.
     0 | D:1      | Reached XP level 1. HP: 18/18 MP: 1/1
   201 | D:1      | Gained mutation: You are partially covered in sharp spines.
                  | [demonic ancestry]
   201 | D:1      | Reached XP level 2. HP: 24/24 MP: 2/2
   381 | D:1      | Found a faded altar of an unknown god.
   658 | D:1      | Reached XP level 3. HP: 25/29 MP: 3/3
   974 | D:2      | Reached XP level 4. HP: 35/35 MP: 4/4
  1326 | D:2      | Reached skill level 6 in Fighting
  1326 | D:2      | Reached skill level 5 in Long Blades
  1326 | D:2      | Reached skill level 5 in Armour
  1326 | D:2      | Reached XP level 5. HP: 47/47 MP: 5/5
  1758 | D:3      | Found a runed translucent door.
  1767 | D:3      | Noticed AarnesTheHuman's ghost (weakling HOFi)
  2133 | D:3      | Reached skill level 8 in Fighting
  2133 | D:3      | Reached skill level 5 in Stealth
  2133 | D:3      | Gained mutation: You have a small tail. [demonic ancestry]
  2133 | D:3      | Reached XP level 6. HP: 56/56 MP: 6/6
  2151 | D:4      | Gained mutation: Spells you cast may paralyse adjacent
                  | enemies. [demonic ancestry]
  2151 | D:4      | Reached XP level 7. HP: 44/62 MP: 7/7
  2420 | D:4      | Found a staircase to the Ecumenical Temple.
  2426 | Temple   | Entered the Ecumenical Temple
  2881 | D:4      | Found a large runed translucent door.
  2881 | D:4      | Found a large runed translucent door.
  3174 | D:4      | Found a burning altar of Makhleb.
  3184 | D:4      | Found a sparkling altar of Nemelex Xobeh.
  3202 | D:4      | Became a worshipper of Makhleb the Destroyer
  3202 | D:4      | Reached * piety under Makhleb
  3202 | D:4      | Reached ** piety under Makhleb
  3230 | D:5      | Entered Level 5 of the Dungeon
  3358 | D:5      | Reached XP level 8. HP: 61/69 MP: 8/8
  3910 | D:5      | Noticed Menkaure
  3916 | D:5      | Killed Menkaure
  4318 | D:5      | Gained mutation: Your body sometimes deteriorates upon
                  | taking damage. [potion of mutation]
  4318 | D:5      | Gained mutation: You possess an exceptional clarity of
                  | mind. [potion of mutation]
  4318 | D:5      | Gained mutation: Your system is resistant to poisons.
                  | (rPois) [potion of mutation]
  4319 | D:5      | Lost mutation: Your body sometimes deteriorates upon taking
                  | damage. [potion of mutation]
  4319 | D:5      | Lost mutation: Your system is resistant to poisons. (rPois)
                  | [potion of mutation]
  4319 | D:5      | Lost mutation: You possess an exceptional clarity of mind.
                  | [potion of mutation]
  4319 | D:5      | Gained mutation: You are agile. (Dex +4, Str/Int -1)
                  | [potion of mutation]
  4327 | D:6      | Found a large runed translucent door.
  4327 | D:6      | Found a large runed translucent door.
  4330 | D:6      | Noticed a two-headed ogre
  4330 | D:6      | Noticed a kobold demonologist
  4343 | D:6      | Noticed a hornet
  4346 | D:6      | Paralysed by a hornet for 1 turns
  4348 | D:6      | Succumbed to a hornet's poison

Illustrated notes

Levels and vault maps discovered:
D:1:      dpeg_arrival_tiny_a, layout_basic,
          shapermc_ecumenical_altar_mp_ritualfount, kennysheep_another_room,
          minmay_distorted
D:2:      minmay_inner_zag, layout_rooms
D:3:      layout_basic, ebering_ghost_reflecting_pool,
          minmay_randomly_rotated_circles
D:4:      layout_basic, jmf_multi_god_temple2, minmay_temple_entry_butterflies
D:5:      layout_basic, uniq_menkaure
D:6:      layout_loops_cross, nicolae_sif_muna_little_library,
          grunt_qazlal_clouds, lightli_ossuary_entry_decrepit_ruins,
          minmay_hollow_rounded_squares
Temple:   nicolae_temple_figure_zero

Skill      XL: |  1  2  3  4  5  6  7 |
---------------+----------------------+-----
Long Blades    | 3 5 6 7 |  7.7
Dodging        | 3 6 7 |  7.2
Fighting       | 6 8 |  8.5
Armour         | 5 6 |  6.3
Stealth        | 3 5 |  5.1

Action                     |  1- 3 |  4- 6 |  7- 9 || total
---------------------------+-------+-------+-------++-------
  Melee: Falchion          |    72 |    75 |   105 ||   252
         Tailslap          |       |     3 |    20 ||    23
    Use: Scroll            |     7 |     4 |     9 ||    20
         Potion            |       |     3 |     2 ||     5
 Armour: Scale mail        |    40 |    28 |    37 ||   105
         Skin              |       |    10 |       ||    10
  Dodge: Dodged            |    31 |    37 |    90 ||   158
